HSSL
COWETA HS TIGERS @ INDIANAPOLIS HS RIFLES
04/01/2027
 
TOP OF THE 1ST
Coweta HS Tigers batting - Pitching for Indianapolis HS Rifles : RHP Elwood Barrett
Pitching: RHP Elwood Barrett
Batting: LHB Jamie Walker 0-0: Bunted foul
0-1: Ball
1-1: Swinging Strike
1-2: Ball
2-2: Strikes out swinging
Batting: RHB Luis Brito 0-0: Ground out 6-3 (Groundball, 6)
Batting: LHB Vito Ramírez 0-0: Called Strike
0-1: Foul Ball, location: 2F
0-2: Foul Ball, location: 2F
0-2: Ball
1-2: Ball
2-2: Ball
3-2: Foul Ball, location: 2F
3-2: Base on Balls
Batting: RHB Dan Britt 0-0: Ball
1-0: Called Strike
Vito Ramírez is caught stealing 2nd base
Top of the 1st over - 0 run(s), 0 hit(s), 0 error(s), 0 left on base; Coweta HS 0 - Indianapolis HS 0
BOTTOM OF THE 1ST
Indianapolis HS Rifles batting - Pitching for Coweta HS Tigers : RHP Pete Booker
Pitching: RHP Pete Booker
Batting: LHB Sam Fuller 0-0: Ball
1-0: Ball
2-0: Ball
3-0: Called Strike
3-1: Base on Balls
Batting: LHB Tim Howell 0-0: Foul Ball, location: 2F
0-1: Ball
Wild Pitch!
Sam Fuller to second
1-1: Swinging Strike
1-2: Strikes out swinging
Batting: LHB Dave Sanders 0-0: Ball
1-0: Foul Ball, location: 2F
1-1: Ball
2-1: Swinging Strike
2-2: Foul Ball, location: 2F
2-2: Strikes out swinging
Batting: RHB Juan Valdéz 0-0: Foul Ball, location: 2F
0-1: Fly out, F8 (Line Drive, 78XD)
Bottom of the 1st over - 0 run(s), 0 hit(s), 0 error(s), 1 left on base; Coweta HS 0 - Indianapolis HS 0
TOP OF THE 2ND
Coweta HS Tigers batting - Pitching for Indianapolis HS Rifles : RHP Elwood Barrett
Batting: RHB Dan Britt 0-0: Ball
1-0: Swinging Strike
1-1: Swinging Strike
1-2: Foul Ball, location: 2F
1-2: Strikes out swinging
Batting: RHB Garth O'Flahavan 0-0: Called Strike
0-1: Ball
1-1: Foul Ball, location: 2F
1-2: Ball
2-2: Foul Ball, location: 2F
2-2: Foul Ball, location: 2F
2-2: Strikes out swinging
Batting: LHB Joe Mobley 0-0: Ball
1-0: Fly out, F8 (Flyball, 8LM)
Top of the 2nd over - 0 run(s), 0 hit(s), 0 error(s), 0 left on base; Coweta HS 0 - Indianapolis HS 0
BOTTOM OF THE 2ND
Indianapolis HS Rifles batting - Pitching for Coweta HS Tigers : RHP Pete Booker
Batting: LHB Jason Welch 0-0: Ball
1-0: Foul Ball, location: 2F
1-1: Ball
2-1: Fly out, F8 (Flyball, 8LM)
Batting: LHB Benny Marte 0-0: Called Strike
0-1: Foul Ball, location: 2F
0-2: Fly out, F8 (Flyball, 8LM)
Batting: RHB Joe Farrell 0-0: Ball
1-0: Called Strike
1-1: Foul Ball, location: 2F
1-2: Ball
2-2: Ball
3-2: Foul Ball, location: 2F
3-2: Foul Ball, location: 2F
3-2: Strikes out looking
Bottom of the 2nd over - 0 run(s), 0 hit(s), 0 error(s), 0 left on base; Coweta HS 0 - Indianapolis HS 0
TOP OF THE 3RD
Coweta HS Tigers batting - Pitching for Indianapolis HS Rifles : RHP Elwood Barrett
Batting: RHB Bill Tremblay 0-0: Ball
1-0: Called Strike
1-1: Foul Ball, location: 2F
1-2: Strikes out swinging
Batting: RHB Todd Slater 0-0: Ground out 5-3 (Groundball, 56)
Batting: RHB Arthur Salyers 0-0: Ground out 4-3 (Groundball, 4)
Top of the 3rd over - 0 run(s), 0 hit(s), 0 error(s), 0 left on base; Coweta HS 0 - Indianapolis HS 0
BOTTOM OF THE 3RD
Indianapolis HS Rifles batting - Pitching for Coweta HS Tigers : RHP Pete Booker
Batting: RHB Wesley Wood 0-0: Called Strike
0-1: Foul Ball, location: 2F
0-2: Ball
1-2: Ball
2-2: Ball
3-2: Ground out 6-3 (Groundball, 6)
Batting: RHB Lorenzo Camacho 0-0: Foul Ball, location: 2F
0-1: Ball
1-1: Foul Ball, location: 2F
1-2: Foul Ball, location: 2F
1-2: Ball
2-2: Ground out 6-3 (Groundball, 6M)
Batting: LHB Sam Fuller 0-0: Ball
1-0: Called Strike
1-1: Swinging Strike
1-2: Foul Ball, location: 2F
1-2: Ball
2-2: Ball
3-2: SINGLE (Groundball, 6D)
Batting: LHB Tim Howell 0-0: Called Strike
0-1: Ball
Passed Ball!
Sam Fuller to second
1-1: Called Strike
1-2: Strikes out looking
Bottom of the 3rd over - 0 run(s), 1 hit(s), 0 error(s), 1 left on base; Coweta HS 0 - Indianapolis HS 0
TOP OF THE 4TH
Coweta HS Tigers batting - Pitching for Indianapolis HS Rifles : RHP Elwood Barrett
Batting: LHB Jamie Walker 0-0: Ball
1-0: Called Strike
1-1: Called Strike
1-2: Foul Ball, location: 2F
1-2: Ball
2-2: Ball
3-2: SINGLE (Line Drive, 6M)
Batting: RHB Luis Brito 0-0: Called Strike
0-1: Ball
1-1: Ground out 5-3 (Groundball, 56S)
Jamie Walker to second
Batting: LHB Vito Ramírez 0-0: Ground out 4-3 (Groundball, 4)
Jamie Walker to third
Batting: RHB Dan Britt 0-0: Ball
1-0: Called Strike
1-1: Ball
2-1: Foul Ball, location: 2F
2-2: SINGLE (Line Drive, 7S)
Jamie Walker scores
Batting: RHB Garth O'Flahavan 0-0: Ball
1-0: Called Strike
1-1: Fly out, F4 (Line Drive, 34)
Top of the 4th over - 1 run(s), 2 hit(s), 0 error(s), 1 left on base; Coweta HS 1 - Indianapolis HS 0
BOTTOM OF THE 4TH
Indianapolis HS Rifles batting - Pitching for Coweta HS Tigers : RHP Pete Booker
Batting: LHB Dave Sanders 0-0: Ball
1-0: Ball
2-0: Fly out, F7 (Flyball, 7LS)
Batting: RHB Juan Valdéz 0-0: Foul Ball, location: 2F
0-1: Fly out, F9 (Flyball, 89M)
Batting: LHB Jason Welch 0-0: Ball
1-0: Ball
2-0: SINGLE (Groundball, 34D)
Batting: LHB Benny Marte 0-0: Foul Ball, location: 2F
0-1: Ball
1-1: Swinging Strike
1-2: Hit by Pitch
Jason Welch to second
Batting: RHB Joe Farrell 0-0: Called Strike
0-1: Foul Ball, location: 2F
0-2: Ball
1-2: Ball
2-2: Foul Ball, location: 2F
2-2: Fielders Choice at 2nd, 5-4 (Groundball, 56)
Bottom of the 4th over - 0 run(s), 1 hit(s), 0 error(s), 1 left on base; Coweta HS 1 - Indianapolis HS 0
TOP OF THE 5TH
Coweta HS Tigers batting - Pitching for Indianapolis HS Rifles : RHP Elwood Barrett
Batting: LHB Joe Mobley 0-0: Called Strike
0-1: Ball
1-1: Called Strike
1-2: SINGLE (Line Drive, 4M)
Batting: RHB Bill Tremblay 0-0: Called Strike
0-1: Ball
1-1: Foul Ball, location: 2F
1-2: Ball
2-2: Ball
3-2: Base on Balls
Joe Mobley to second
Batting: RHB Todd Slater 0-0: Fly out, F5 (Popup, 5D)
Batting: RHB Arthur Salyers 0-0: Ball
1-0: Ball
2-0: Foul Ball, location: 2F
2-1: Fly out, F8 (Line Drive, 8LM)
Batting: LHB Jamie Walker 0-0: Ball
1-0: Ball
2-0: Fly out, F8 (Flyball, 8RD)
Top of the 5th over - 0 run(s), 1 hit(s), 0 error(s), 2 left on base; Coweta HS 1 - Indianapolis HS 0
BOTTOM OF THE 5TH
Indianapolis HS Rifles batting - Pitching for Coweta HS Tigers : RHP Pete Booker
Batting: RHB Wesley Wood 0-0: Called Strike
0-1: Called Strike
0-2: Ball
1-2: Strikes out swinging
Batting: RHB Lorenzo Camacho 0-0: Ball
1-0: Foul Ball, location: 2F
1-1: Ball
2-1: SINGLE (Groundball, 34D)
Pitching: RHP Marvin Phelps
Batting: LHB Sam Fuller 0-0: Ball
1-0: Called Strike
1-1: Ball
2-1: Ball
3-1: Foul Ball, location: 2F
3-2: Base on Balls
Lorenzo Camacho to second
Batting: LHB Tim Howell 0-0: Ball
Lorenzo Camacho is caught stealing 3rd base
Sam Fuller to second
1-0: Called Strike
1-1: SINGLE (Line Drive, 5D)
Sam Fuller to third
Runner from 3rd tries for Home, SAFE, no throw
Batting: LHB Dave Sanders 0-0: Foul Ball, location: 2F
0-1: Fielders Choice at 2nd, U6 (Groundball, 6M)
Bottom of the 5th over - 1 run(s), 2 hit(s), 0 error(s), 1 left on base; Coweta HS 1 - Indianapolis HS 1
TOP OF THE 6TH
Coweta HS Tigers batting - Pitching for Indianapolis HS Rifles : RHP Elwood Barrett
Batting: RHB Luis Brito 0-0: Ground out 1-3 (Groundball, 15S)
Batting: LHB Vito Ramírez 0-0: Ball
1-0: Called Strike
1-1: Foul Ball, location: 2F
1-2: Foul Ball, location: 2F
1-2: Ball
2-2: Ball
3-2: Fly out, F6 (Line Drive, 6M)
Batting: RHB Dan Britt 0-0: Ball
1-0: Foul Ball, location: 2F
1-1: Foul Ball, location: 2F
1-2: Foul Ball, location: 2F
1-2: Ground out 6-3 (Groundball, 6S)
Top of the 6th over - 0 run(s), 0 hit(s), 0 error(s), 0 left on base; Coweta HS 1 - Indianapolis HS 1
BOTTOM OF THE 6TH
Indianapolis HS Rifles batting - Pitching for Coweta HS Tigers : RHP Marvin Phelps
Batting: RHB Juan Valdéz 0-0: Ball
1-0: Foul Ball, location: 2F
1-1: Ball
2-1: Ball
3-1: Foul Ball, location: 2F
3-2: Base on Balls
Batting: LHB Jason Welch 0-0: Fly out, F8 (Line Drive, 8LS)
Batting: LHB Benny Marte 0-0: Swinging Strike
0-1: Foul Ball, location: 2F
0-2: Ball
1-2: Foul Ball, location: 2F
1-2: Ball
2-2: Ball
3-2: Strikes out swinging
Batting: RHB Joe Farrell 0-0: Called Strike
0-1: Fly out, F8 (Flyball, 8RM)
Bottom of the 6th over - 0 run(s), 0 hit(s), 0 error(s), 1 left on base; Coweta HS 1 - Indianapolis HS 1
TOP OF THE 7TH
Coweta HS Tigers batting - Pitching for Indianapolis HS Rifles : RHP Elwood Barrett
Pitching: RHP Brent O'Rourke
Batting: RHB Garth O'Flahavan 0-0: Ball
1-0: Called Strike
1-1: Foul Ball, location: 2F
1-2: Strikes out swinging
Pitching: LHP Dave Lee
Pinch Hitting: RHB Will Fields 0-0: Ball
1-0: Called Strike
1-1: Ball
2-1: Ball
3-1: Base on Balls
Pitching: RHP Victor Kocher
Batting: RHB Bill Tremblay 0-0: SINGLE (Groundball, 56D)
Will Fields to second
Batting: RHB Todd Slater 0-0: Called Strike
0-1: SINGLE (Line Drive, 8LS)
Will Fields to third
Bill Tremblay to second
Runner from 3rd tries for Home, throw and OUT!
Bill Tremblay to third
Todd Slater to second
Batting: RHB Arthur Salyers 0-0: Ball
1-0: Ball
2-0: Foul Ball, location: 2F
2-1: Ground out 5-3 (Groundball, 5L)
Top of the 7th over - 0 run(s), 2 hit(s), 0 error(s), 2 left on base; Coweta HS 1 - Indianapolis HS 1
BOTTOM OF THE 7TH
Indianapolis HS Rifles batting - Pitching for Coweta HS Tigers : RHP Marvin Phelps
Now at 1B: Will Fields
Batting: RHB Wesley Wood 0-0: Foul Ball, location: 2F
0-1: Foul Ball, location: 2F
0-2: Ball
1-2: Foul Ball, location: 2F
1-2: Ball
2-2: Ball
3-2: Reached on error, E6 (Groundball, 6)
Batting: RHB Lorenzo Camacho 0-0: Called Strike
0-1: Ball
1-1: Ball
2-1: Foul Ball, location: 2F
2-2: Strikes out swinging
Batting: LHB Sam Fuller 0-0: Foul Ball, location: 2F
0-1: Called Strike
0-2: Ball
1-2: Fly out, F6 (Line Drive, 6)
Batting: LHB Tim Howell 0-0: Called Strike
0-1: Swinging Strike
0-2: Ball
1-2: Foul Ball, location: 2F
1-2: Foul Ball, location: 2F
1-2: Foul Ball, location: 2F
1-2: Ball
2-2: Foul Ball, location: 2F
2-2: Foul Ball, location: 2F
2-2: Foul Ball, location: 2F
2-2: Ball
3-2: Foul Ball, location: 2F
3-2: Foul Ball, location: 2F
3-2: Foul Ball, location: 2F
3-2: SINGLE (Flyball, 6MD)
Wesley Wood to third
Wesley Wood scores
Pitching: LHP José Agámez
Batting: LHB Dave Sanders 0-0: Called Strike
0-1: Swinging Strike
0-2: Ball
Tim Howell is caught stealing 2nd base
Bottom of the 7th over - 1 run(s), 1 hit(s), 1 error(s), 0 left on base; Coweta HS 1 - Indianapolis HS 2
TOP OF THE 8TH
Coweta HS Tigers batting - Pitching for Indianapolis HS Rifles : RHP Victor Kocher
Pitching: RHP Javier Valéncia
Batting: LHB Jamie Walker 0-0: Ball
1-0: Called Strike
1-1: Ball
2-1: Foul Ball, location: 2F
2-2: Strikes out swinging
Batting: RHB Luis Brito 0-0: Called Strike
0-1: Ball
1-1: Ball
2-1: Foul Ball, location: 2F
2-2: Foul Ball, location: 2F
2-2: Reached on error, E5 (Groundball, 56)
Pitching: LHP Fernando Pérez
Batting: LHB Vito Ramírez 0-0: Called Strike
0-1: SINGLE (Line Drive, 8LM)
Luis Brito to second
Pitching: RHP Lanny Gauthier
Batting: RHB Dan Britt 0-0: Foul Ball, location: 2F
0-1: Called Strike
0-2: Ground out 5-3 (Groundball, 56S)
Luis Brito to third
Vito Ramírez to second
Batting: RHB Garth O'Flahavan 0-0: Called Strike
0-1: Swinging Strike
0-2: Strikes out swinging
Top of the 8th over - 0 run(s), 1 hit(s), 1 error(s), 2 left on base; Coweta HS 1 - Indianapolis HS 2
BOTTOM OF THE 8TH
Indianapolis HS Rifles batting - Pitching for Coweta HS Tigers : LHP José Agámez
Batting: LHB Dave Sanders 0-0: Called Strike
0-1: Called Strike
0-2: Strikes out swinging
Batting: RHB Juan Valdéz 0-0: Called Strike
0-1: Ball
1-1: Fly out, F3 (Line Drive, 3L)
Batting: LHB Jason Welch 0-0: Ball
1-0: Foul Ball, location: 2F
1-1: Reached on error, E7 (Flyball, 7)
Batting: LHB Benny Marte 0-0: Called Strike
0-1: Ball
1-1: DOUBLE (Line Drive, 7LM)
Jason Welch scores
Batting: RHB Joe Farrell 0-0: Ball
1-0: Ball
2-0: Ball
3-0: Foul Ball, location: 2F
3-1: Base on Balls
Batting: RHB Wesley Wood 0-0: Called Strike
0-1: Foul Ball, location: 2F
0-2: Ball
1-2: Ball
2-2: Strikes out swinging
Bottom of the 8th over - 1 run(s), 1 hit(s), 1 error(s), 2 left on base; Coweta HS 1 - Indianapolis HS 3
TOP OF THE 9TH
Coweta HS Tigers batting - Pitching for Indianapolis HS Rifles : RHP Lanny Gauthier
Pitching: LHP Jason Belcher
Batting: RHB Will Fields 0-0: Foul Ball, location: 2F
0-1: Foul Ball, location: 2F
0-2: Foul Ball, location: 2F
0-2: Ball
1-2: Ball
2-2: SINGLE (Line Drive, 9S)
Pinch Hitting: RHB Eddie Fisher 0-0: Ball
1-0: Foul Ball, location: 2F
1-1: Ball
2-1: Called Strike
2-2: Foul Ball, location: 2F
2-2: Ball
3-2: Base on Balls
Will Fields to second
Batting: RHB Todd Slater 0-0: Bunt missed!
0-1: Bunted foul
0-2: Strikes out swinging
Batting: RHB Arthur Salyers 0-0: Ball
1-0: Swinging Strike
1-1: Ball
2-1: SINGLE (Groundball, 4MD)
Will Fields to third
Eddie Fisher to second
Batting: LHB Jamie Walker 0-0: Ball
1-0: Called Strike
1-1: Ball
2-1: Ball
3-1: Called Strike
3-2: Base on Balls
Will Fields scores
Eddie Fisher to third
Arthur Salyers to second
Batting: RHB Luis Brito 0-0: Called Strike
0-1: Ball
1-1: Grounds into double play, 6-2-3 (Groundball, 6)
Top of the 9th over - 1 run(s), 2 hit(s), 0 error(s), 2 left on base; Coweta HS 2 - Indianapolis HS 3
Thursday, March 30th, 2017 - OOTP Baseball 17.12 Build 75